 Dungeon Crawl Stone Soup version 0.19.5 (webtiles) character file.

10452 Gargoyl the Agent of Entropy (level 11, -13/92 (93) HPs)
             Began as a Ghoul Abyssal Knight on Apr 2, 2017.
             Was a Priest of Lugonu.
             Mangled by a spiny frog (18 damage)
             ... on level 2 of the Lair of Beasts.
             The game lasted 00:27:12 (12222 turns).

Gargoyl the Agent of Entropy (GhAK)                Turns: 12222, Time: 00:27:13

HP:   -13/92 (93)   AC: 15    Str: 17    XL:     11   Next: 62%
MP:   16/16         EV:  8    Int:  7    God:    Lugonu [***...]
Gold: 529           SH: 10    Dex: 11    Spells: 0 memorised, 10 levels left

rFire  . . .     SeeInvis +     u - +0 broad axe
rCold  + . .     Gourm    .     e - +4 chain mail
rNeg   + + +     Faith    .     j - +0 buckler
rPois  ∞         Spirit   .     (no helmet)
rElec  .         Reflect  +     (no cloak)
rCorr  +         Harm     .     (no gloves)
MR     .....                    (no boots)
Stlth  ..........               s - +5 amulet of reflection
                                x - ring of see invisible
                                g - ring of resist corrosion

@: rotting
A: rotting body, claws 1, carnivore 3, cold resistance 1, negative energy
resistance 3, slow regeneration 1, torment resistance, unbreathing
a: Depart the Abyss, Bend Space, Banish, Renounce Religion


You were on level 2 of the Lair of Beasts.
You worshipped Lugonu.
Lugonu was most pleased with you.
You were not hungry.

You visited 2 branches of the dungeon, and saw 11 of its levels.
You visited the Abyss 1 time.

You collected 529 gold pieces.

Inventory:

Hand Weapons
 u - a +0 broad axe (weapon)
 B - a +2 spear of venom
 O - a +2 war axe of flaming
Armour
 e - a +4 chain mail (worn)
 j - a +0 buckler (worn)
Jewellery
 d - an uncursed ring of flight
 g - a ring of resist corrosion (left claw)
 q - an uncursed ring of protection from cold
 s - a +5 amulet of reflection (around neck)
 x - a ring of see invisible (right claw)
 F - a +6 ring of slaying {unknown}
Wands
 z - a wand of polymorph (11/24)
 C - a wand of iceblast (5/15)
 D - a wand of digging (24/24)
 G - a wand of flame (27/48)
 J - a wand of hasting (4/9)
 K - a wand of flame (14/48)
 L - a wand of enslavement (15/24)
 M - a wand of teleportation (4/9)
Scrolls
 o - 2 scrolls of identify
 r - 5 scrolls of remove curse
 H - 3 scrolls of fog
 N - a scroll of fear
Potions
 b - a potion of resistance {unknown}
 h - 2 potions of heal wounds {unknown}
 k - a potion of mutation {unknown}
 l - 2 potions of lignification
 n - 4 potions of curing
 p - 2 potions of might
 t - 2 potions of agility {unknown}
 v - a potion of degeneration
 w - a potion of ambrosia {unknown}
 I - a potion of cure mutation {unknown}
Books
 y - a book of Maledictions

   Spells                             Type                      Level
   a - Corona                         Hexes                        1
   b - Ensorcelled Hibernation        Hexes/Ice                    2
   c - Confuse                        Hexes                        3
   d - Tukima's Dance                 Hexes                        3
   e - Dazzling Spray                 Conjuration/Hexes            3
Comestibles
 c - 5 meat rations
 i - a royal jelly
 A - 2 slices of pizza


   Skills:
 + Level 7.6 Fighting
 + Level 7.7(8.4) Axes
 + Level 5.1(7.1) Polearms
 * Level 8.4 Armour
 + Level 3.0 Dodging
 + Level 5.4 Shields
 * Level 8.5 Invocations


You had 10 spell levels left.
You didn't know any spells.

Dungeon Overview and Level Annotations

Branches:
Dungeon (9/15)             Temple (0/1) D:6            Lair (2/6) D:9
  Swamp: Lair:2-4    Shoals: Lair:2-4     Snake: Lair:2-4    Spider: Lair:2-4
    Orc: D:9-12

Altars:
Cheibriados
Kikubaaqudgha
Nemelex Xobeh
Ru
Trog
Uskayaw
Yredelemnul
The Shining One


Innate Abilities, Weirdness & Mutations

Your body is rotting away.
You thrive on raw meat.
You are immune to poison.
You have sharp fingernails.
You are carnivorous and can eat meat at any time.
Your flesh is cold resistant. (rC+)
You are immune to negative energy. (rN+++)
You regenerate slowly when monsters are visible.
You are immune to unholy pain and torment.
You can survive without breathing.


Message History

The spiny frog is almost dead.
The spiny frog stings you. The spiny frog stings you!
* * * LOW HITPOINT WARNING * * *
You closely miss the spiny frog.
The spiny frog is almost dead.
You block the spiny frog's attack.
Your chain mail prevents you from hitting the spiny frog.
The spiny frog is almost dead.
The spiny frog stings you but does no damage.
You hit the spiny frog.
The spiny frog is almost dead.
You block the spiny frog's attack. The spiny frog closely misses you.
You hit the spiny frog but do no damage.
The spiny frog is almost dead.
The spiny frog stings you!!
* * * LOW HITPOINT WARNING * * *
You hit the spiny frog.
The spiny frog is almost dead.
The spiny frog stings you!!
You die...

.#+ #...#
....#...#
....+...##
......... ##
.........###.##
........#.#.#.##
#P.##..F........
.......@........
.P.#%...........
#...<........
#....<.......
..........P#.#!.
...#.....P## #
...#......#
).........#
.P........


You could see a spiny frog.

Vanquished Creatures
  A hydra (Lair:1)
  A blink frog (Lair:1)
  2 hippogriffs
  A spriggan (D:8)
  13 yaks (Lair:1)
  A wyvern (D:8)
  A basilisk (Lair:1)
  Eustachio (D:6)
  A water moccasin (Lair:1)
  2 porcupines (Lair:1)
  A sky beast (D:7)
  A black bear (D:6)
  An ice beast (D:8)
  4 orc warriors
  An eye of draining (D:8)
  A phantom (D:8)
  3 ogres
  4 centaurs
  A crocodile (Lair:1)
  Blork the orc (D:5)
  9 bullfrogs
  A wyvern skeleton (D:8)
  4 scorpions
  14 killer bees
  6 howler monkeys
  6 crimson imps
  A bullfrog zombie (D:9)
  4 jellies
  4 bullfrog skeletons
  A gnoll shaman (D:5)
  3 quasits
  8 orc priests
  2 hounds
  8 orc wizards
  2 centaur skeletons
  An iguana (D:5)
  10 worker ants
  A hound skeleton (D:8)
  7 gnolls
  13 adders
  2 shadow imps
  3 oozes
  An adder skeleton (D:9)
  An adder zombie (D:4)
  3 worms
  3 leopard geckos
  32 orcs
  5 bats
  7 giant cockroaches
  4 goblins
  3 hobgoblins
  14 jackals
  6 quokkas
  3 ball pythons
  5 frilled lizards
  A jackal skeleton (D:5)
  A jackal zombie (D:5)
  10 kobolds
  A quokka skeleton (D:4)
  8 rats
  A plant (Lair:1)
261 creatures vanquished.

Vanquished Creatures (others)
  The ghost of happy2pester the Basher, a journeyman HOFi of Beogh (Lair:1)
  The ghost of patcoet the Thaumaturge, a novice DECj of Vehumet (D:8)
  2 blink frogs (Lair:1)
  An orc warrior (D:7)
  2 centaurs
7 creatures vanquished.

Grand Total: 268 creatures vanquished

Notes
Turn   | Place    | Note
-------+----------+-------------------------------------------
     0 | Abyss:1  | Gargoyl the Ghoul Abyssal Knight began the quest for the Orb.
     0 | Abyss:1  | Reached XP level 1. HP: 19/19 MP: 1/1
     4 | Abyss:1  | Found a sparkling altar of Nemelex Xobeh.
    34 | Abyss:2  | Noticed a thrashing horror
    34 | Abyss:2  | Noticed a thrashing horror
    39 | Abyss:2  | Noticed a hungry ghost
    41 | D:1      | Escaped the Abyss
   377 | D:1      | Reached XP level 2. HP: 22/26 MP: 2/2
   689 | D:1      | Reached skill level 1 in Dodging
   970 | D:2      | Reached * piety under Lugonu
   975 | D:2      | Reached XP level 3. HP: 28/31 MP: 3/3
  1133 | D:2      | Found a snail-covered altar of Cheibriados.
  1537 | D:3      | Reached XP level 4. HP: 34/38 MP: 4/4
  1799 | D:3      | Reached ** piety under Lugonu
  2620 | D:4      | Reached XP level 5. HP: 28/44 MP: 6/6
  2795 | D:4      | Reached XP level 6. HP: 46/52 MP: 7/7
  3009 | D:4      | Reached XP level 7. HP: 53/59 MP: 8/8
  3412 | D:5      | Entered Level 5 of the Dungeon
  3553 | D:5      | Reached *** piety under Lugonu
  3724 | D:5      | Reached skill level 1 in Shields
  3947 | D:5      | Reached skill level 5 in Axes
  4172 | D:5      | Reached XP level 8. HP: 62/67 MP: 9/9
  4267 | D:5      | Noticed a moth of wrath
  4271 | D:5      | Found a bloodstained altar of Trog.
  4417 | D:6      | Noticed Eustachio
  4480 | D:6      | Noticed Blork the orc
  4525 | D:5      | Killed Blork the orc
  4548 | D:6      | Killed Eustachio
  4594 | D:6      | Found a basalt altar of Yredelemnul.
  4596 | D:6      | Found a staircase to the Ecumenical Temple.
  4661 | D:6      | Reached skill level 5 in Fighting
  4804 | D:7      | Reached **** piety under Lugonu
  4853 | D:6      | Reached skill level 5 in Armour
  4853 | D:6      | Reached XP level 9. HP: 55/74 MP: 11/11
  4896 | D:6      | Reached skill level 1 in Polearms
  5127 | D:6      | Reached skill level 5 in Invocations
  6746 | D:8      | Found a glowing golden altar of the Shining One.
  6885 | D:8      | Reached XP level 10. HP: 51/83 MP: 13/13
  6980 | D:8      | Found a sacrificial altar of Ru.
  6980 | D:8      | Found an ancient bone altar of Kikubaaqudgha.
  7355 | D:8      | Found a sparkling altar of Nemelex Xobeh.
  7406 | D:8      | Found a hide-covered altar of Uskayaw.
  7463 | D:8      | Noticed patcoet's ghost (novice DECj)
  7476 | D:8      | Banished patcoet's ghost
  9063 | D:9      | Reached skill level 5 in Polearms
  9309 | D:9      | Found a staircase to the Lair.
  9984 | Lair:1   | Entered Level 1 of the Lair of Beasts
 10279 | Lair:1   | Reached XP level 11. HP: 75/91 MP: 15/15
 10479 | Lair:1   | Reached skill level 5 in Shields
 10585 | Lair:1   | Noticed happy2pester's ghost (journeyman HOFi)
 10606 | Lair:1   | Banished happy2pester's ghost
 11670 | Lair:1   | Noticed a six-headed hydra
 11685 | Lair:1   | Killed a one-headed hydra
 12222 | Lair:2   | Mangled by a spiny frog

Skill      XL: |  1  2  3  4  5  6  7  8  9 10 11 |
---------------+----------------------------------+-----
Armour         | 2 3 4 5 6 7 8 |  8.4
Dodging        | 1 2 3 |  3.0
Axes           | 2 3 4 5 6 7 |  7.7
Invocations    | 3 4 6 7 8 |  8.5
Fighting       | 4 5 6 7 |  7.6
Shields        | 1 2 4 5 |  5.4
Polearms       | 3 5 |  5.1

Action                   |  1- 3 |  4- 6 |  7- 9 | 10-12 || total
-------------------------+-------+-------+-------+-------++-------
Melee: War axe           |   149 |   196 |   280 |    11 ||   636
       Spear             |       |       |   257 |   260 ||   517
       Broad axe         |       |       |       |   345 ||   345
Invok: Depart the Abyss  |     1 |       |       |       ||     1
       Banish            |       |       |     1 |     9 ||    10
  Use: Scroll            |     6 |     1 |     5 |     9 ||    21
       Potion            |       |       |     3 |     1 ||     4
  Eat: Chunk             |    12 |    17 |    56 |    88 ||   173
Armor: Chain mail        |   197 |   147 |   305 |   340 ||   989
       Leather armour    |     1 |       |       |       ||     1
Dodge: Dodged            |    76 |    75 |   154 |   232 ||   537
Block: Buckler           |    19 |    24 |   292 |   377 ||   712
       Reflection        |       |       |     6 |     9 ||    15
